 Dungeon Crawl Stone Soup version 0.31-a0-149-g3fdcc5976a (webtiles) character file.

Game seed: 3025628229431667924

1883 gelatine the Chiller (level 8, 0/55 (58) HPs)
             Began as a Demonspawn Ice Elementalist on June 8, 2023.
             Shot with an arrow by a centaur (7 damage)
             ... on level 6 of the Dungeon.
             The game lasted 00:24:16 (6137 turns).

gelatine the Chiller (Demonspawn Ice Elementalist)  Turns: 6137, Time: 00:24:17

HP:   0/55 (58)     AC:  8    Str:  9    XL:     8   Next: 92%
MP:   16/16         EV: 13    Int: 20    God:
Gold: 278           SH:  0    Dex: 14    Spells: 7/18 levels left

rFire   . . .        o - +1 trident (flame)
rCold   . . .        (no shield)
rNeg    . . .        a - +0 robe
rPois   +            (helmet restricted)
rElec   .            u - +3 cloak of the Other Side {Harm rPois Int+2 Stlth+}
rCorr   .            (no gloves)
SInv    .            (no boots)
Will    .....        (no amulet)
Stlth   +++          (no ring)
HPRegen 0.29/turn    (no ring)
MPRegen 0.15/turn

%: harm (+30% outgoing, +20% incoming)
@: drained
A: antennae 2, molten scales 1, foul stench 1
a: no special abilities


You were on level 6 of the Dungeon.
You visited 2 branches of the dungeon, and saw 7 of its levels.

You collected 278 gold pieces.

Inventory:

Hand Weapons
 d - a +0 mace
 f - a +0 hand axe
 o - a +1 trident of flaming (weapon)
 F - a +4 great sword of freezing
Missiles
 p - 4 throwing nets
Armour
 a - a +0 robe (worn)
 u - the +3 cloak of the Other Side (worn) {Harm rPois Int+2 Stlth+}
   (You found it on level 5 of the Dungeon)

   Int:       It affects your intelligence (+2).
   rPois:     It protects you from poison.
   Harm:      It increases damage dealt and taken.
   Stlth:     It makes you more stealthy.
Jewellery
 s - the amulet of Roeggas {Spirit *Corrode Regen+ Str+4 Stlth+}
   (You found it on level 4 of the Dungeon)

   [amulet of guardian spirit]

   It causes incoming damage to be divided between your reserves of health and
   magic.
   Str:       It affects your strength (+4).
   Regen:     It increases your rate of health regeneration.
   *Corrode:  It may corrode you when you take damage.
   Stlth:     It makes you more stealthy.
 C - an amulet of magic regeneration
Wands
 t - a wand of flame (44)
 y - a wand of iceblast (9)
 E - a wand of acid (6)
Scrolls
 c - a scroll of silence {unknown}
 e - a scroll of immolation
 i - a scroll of fog
 j - a scroll of blinking
 k - 2 scrolls of teleportation {unknown}
 l - a scroll of poison {unknown}
 n - 2 scrolls of enchant weapon {unknown}
 q - a scroll of brand weapon {unknown}
 r - a scroll of torment {unknown}
 A - a scroll of magic mapping {unknown}
 D - a scroll of amnesia {unknown}
Potions
 b - a potion of magic
 g - a potion of curing
 h - 4 potions of attraction
 m - 2 potions of haste {unknown}
 v - a potion of ambrosia
 w - a potion of heal wounds {unknown}
 x - a potion of resistance
 z - a potion of mutation {unknown}
 B - 2 potions of enlightenment {unknown}


   Skills:
 * Level 3.4 Fighting
 + Level 1.2(2.2) Axes
 + Level 1.1(1.4) Maces & Flails
 * Level 2.4(2.6) Polearms
 + Level 1.2 Armour
 * Level 3.6 Dodging
 + Level 2.8 Stealth
 + Level 1.0 Unarmed Combat
 * Level 5.8 Spellcasting
 * Level 2.5 Summonings
 * Level 6.6 Ice Magic


You had 7 spell levels left.
You knew the following spells:

 Your Spells              Type           Power      Damage    Failure   Level
a - Freeze                Ice            100%       1d10      1%          1
b - Frozen Ramparts       Ice            64%        1d10      1%          3
c - Ozocubu's Armour      Ice            32%        N/A       1%          3
d - Summon Ice Beast      Ice/Summ       24%        N/A       16%         4

Your spell library contained the following spells:

 Spells                   Type           Power      Damage    Failure   Level
 Fireball                 Conj/Fire      2%         3d4       96%         5
 Iskenderun's Battlesphe  Conj           5%         2d6       96%         5
 Conjure Ball Lightning   Conj/Air       2%         3x3d6     100%        6
 Orb of Destruction       Conj           2%         9d5       100%        7


Dungeon Overview and Level Annotations

Branches:
Dungeon (6/15)             Temple (1/1) D:6

Altars:
Ashenzari
Cheibriados
Dithmenos
Fedhas
Gozag
Hepliaklqana
Kikubaaqudgha
Nemelex Xobeh
Okawaru
Qazlal
Ru
Sif Muna
Trog
Uskayaw
Vehumet
Wu Jian
Xom
Yredelemnul

Shops:
D:1 *


Innate Abilities, Weirdness & Mutations

You have a pair of antennae on your head.
You are partially covered in molten scales. (AC +2)
You may rarely emit foul miasma when damaged in melee.


Message History

Aim: a wight, wielding a +0 trident and wearing a +0 robe (almost destroyed, about 40% to evade your +1 trident of flaming)
You reach to attack!
You hit the wight but do no damage.
The wight is almost destroyed.
The wight hits you from afar with a +0 trident!
Reach: o) +1 trident (flame)
Press: ? - help, Dir - move target, f/p - wight
Aim: a wight, wielding a +0 trident and wearing a +0 robe (almost destroyed, about 40% to evade your +1 trident of flaming)
You reach to attack!
You closely miss the wight.
The wight is almost destroyed.
The wight closely misses you.
Reach: o) +1 trident (flame)
Press: ? - help, Dir - move target, f/p - wight
Aim: a wight, wielding a +0 trident and wearing a +0 robe (almost destroyed, about 40% to evade your +1 trident of flaming)
You reach to attack!
You hit the wight. You burn the wight.
You destroy the wight!
Your icy armour starts to melt.
Your icy armour evaporates.
Things that are here:
a +5 dagger; a +0 robe
Found a stone staircase leading up.
You pick up a book of the Spheres and begin reading...
You add the spells Iskenderun's Battlesphere, Fireball, Conjure Ball Lightning and Orb of Destruction to your library.
A centaur comes into view. x2
The centaur shouts! x2
The centaur shoots an arrow.
The arrow hits you!
The centaur wields a +0 shortbow.
The centaur shoots an arrow.
The arrow hits you.
The centaur shoots an arrow.
The arrow barely misses you.
Found 11 gold pieces.
The centaur shouts!
The centaur wields a +0 orcbow.
The centaur shoots an arrow.
The arrow hits you.
The centaur shoots an arrow.
The arrow hits you!
The centaur shoots an arrow.
The arrow completely misses you.
The centaur shoots an arrow.
The arrow hits you.
The centaur shoots an arrow.
The arrow closely misses you.
The centaur shoots an arrow.
The arrow hits you.
* * * LOW HITPOINT WARNING * * *
The centaur shoots an arrow.
The arrow hits you!
* * * LOW HITPOINT WARNING * * *
You see here a cyan potion.
The centaur shoots an arrow.
The arrow hits you.
You die...

##≈≈≈≈....#.#
#.≈≈≈≈≈.c.#'#.
#.≈≈≈≈≈....cc.
#.≈≈≈≈≈≈cc....
#.≈≈≈≈≈≈≈≈..≈≈
#..≈≈≈≈≈≈≈≈≈≈≈
##....≈≈≈≈≈≈≈≈
#######.....!..≈≈≈≈≈
#...<#..#..@......≈≈
#....##...####..$
##..####.## #
###.####.# #.# ##.#
#.....## ##. #
#....###.###.# ..#
..# ... #.## ..#. .#
#.## #..##....# .#
#..# ##......#


You could see 5 centaurs.

Vanquished Creatures
  Sigmund (D:6)
  3 black bears
  A sky beast (D:6)
  2 ogres
  A phantom (D:6)
  A bullfrog (D:6)
  4 wights (D:6)
  2 hounds (D:6)
  3 orc priests (D:5)
  3 jellies
  A sleepcap (D:5)
  6 iguanas
  An orc wizard (D:6)
  15 gnolls
  7 adders
  An ufetubus (D:6)
  A worm (D:2)
  4 dart slugs
  19 orcs
  4 bats
  6 endoplasms
  3 giant cockroaches
  9 goblins
  4 hobgoblins
  4 jackals (D:1)
  2 quokkas
  3 ball pythons
  4 frilled lizards
  3 kobolds
  6 rats
124 creatures vanquished.

Vanquished Creatures (collateral kills)
  A hound (D:5)
  A sleepcap (D:5)
  An orc wizard (D:5)
  2 orcs (D:5)
  A quokka (D:5)
6 creatures vanquished.

Grand Total: 130 creatures vanquished

Notes
Turn   | Place    | Note
-------+----------+-------------------------------------------
     0 | D:1      | gelatine the Demonspawn Ice Elementalist began the quest
                  | for the Orb.
     0 | D:1      | Reached XP level 1. HP: 13/13 MP: 3/3
   264 | D:1      | Gained mutation: You have a pair of small antennae on your
                  | head. [demonic ancestry]
   264 | D:1      | Reached XP level 2. HP: 19/19 MP: 5/5
   337 | D:1      | Found Xablukh's General Store.
   341 | D:1      | Reached skill level 4 in Ice Magic
   922 | D:1      | Found a faded altar of an unknown god.
  1087 | D:2      | Gained mutation: You have a pair of antennae on your head.
                  | [demonic ancestry]
  1087 | D:2      | Reached XP level 3. HP: 14/24 MP: 0/6
  1701 | D:2      | Gained mutation: You may rarely emit foul miasma when
                  | damaged in melee. [demonic ancestry]
  1701 | D:2      | Reached XP level 4. HP: 16/31 MP: 7/7
  1859 | D:2      | Found a broken altar of Ashenzari.
  1873 | D:2      | Identified the +0 robe "Idghukir" {*Corrode Fly rPois
                  | Dex-2}
  2040 | D:3      | Learned a level 3 spell: Frozen Ramparts
  2044 | D:3      | Learned a level 3 spell: Ozocubu's Armour
  2351 | D:3      | Reached skill level 1 in Fighting
  2575 | D:3      | Gained mutation: You are partially covered in molten
                  | scales. (AC +2) [demonic ancestry]
  2575 | D:3      | Reached XP level 5. HP: 37/37 MP: 1/8
  2850 | D:4      | Reached skill level 1 in Armour
  2851 | D:4      | Reached skill level 1 in Axes
  2853 | D:4      | Reached skill level 1 in Maces & Flails
  2923 | D:4      | Found a stormy altar of Qazlal.
  2946 | D:4      | Noticed a black bear
  2955 | D:4      | Killed a black bear
  2956 | D:4      | Reached skill level 1 in Unarmed Combat
  2956 | D:4      | Reached XP level 6. HP: 31/44 MP: 0/10
  2977 | D:4      | Learned a level 4 spell: Summon Ice Beast
  3438 | D:4      | Identified the amulet of Roeggas {Spirit *Corrode Regen+
                  | Str+4 Stlth+}
  3675 | D:5      | Entered Level 5 of the Dungeon
  3694 | D:5      | Identified the +3 cloak of the Other Side {Harm rPois Int+2
                  | Stlth+}
  3741 | D:5      | Reached XP level 7. HP: 43/51 MP: 5/12
  3747 | D:5      | Reached skill level 5 in Ice Magic
  3755 | D:5      | Reached skill level 1 in Summonings
  3997 | D:5      | Reached skill level 1 in Polearms
  4539 | D:6      | Noticed a +0 short sword
  4540 | D:6      | Noticed a +0 dagger
  4542 | D:6      | Noticed a +0 spear
  4542 | D:6      | Noticed a +0 falchion
  4544 | D:6      | Noticed a +0 spear
  4544 | D:6      | Noticed a +0 dagger
  4544 | D:6      | Noticed a +0 short sword
  4544 | D:6      | Noticed a +0 falchion
  4545 | D:6      | Found a hide-covered altar of Uskayaw.
  4578 | D:6      | Reached XP level 8. HP: 57/57 MP: 9/14
  4636 | D:6      | Noticed Sigmund
  4644 | D:6      | Killed Sigmund
  4806 | D:6      | Reached skill level 6 in Ice Magic
  5201 | D:6      | Reached skill level 5 in Spellcasting
  5202 | D:6      | Found a staircase to the Ecumenical Temple.
  5211 | Temple   | Entered the Ecumenical Temple
  6137 | D:6      | Shot with an arrow by a centaur

Illustrated notes

Levels and vault maps discovered:
D:1:      minmay_arrival_split_and_join, layout_rooms, serial_shops,
          nicolae_shop_just_a_little_nook, shapermc_ecumenical_altar_mp_vishouse
D:2:      kennysheep_big_flooded_room, layout_loops_cross, basic_altar
D:3:      layout_basic, grunt_decor_arrowhead
D:4:      layout_rooms, grunt_qazlal_clouds
D:5:      layout_rooms, serial_rivers, chequers_serial_rivers_micro_c,
          chequers_serial_rivers_micro_a, chequers_serial_rivers_micro_c,
          chequers_serial_rivers_micro_a, kennysheep_generic_room_16
D:6:      layout_layer_cave, nicolae_uskayaw_en_pointe,
          minmay_temple_entry_tees, serial_shops, kennysheep_little_box,
          centaur_isle, uniq_sigmund
Temple:   compressed_dpeg_circular_temple

Skill      XL: |  1  2  3  4  5  6  7  8 |
---------------+-------------------------+-----
Ice Magic      | 4 5 6 |  6.6
Stealth        | 2 |  2.8
Dodging        | 2 3 |  3.6
Fighting       | 1 2 3 |  3.4
Armour         | 1 |  1.2
Axes           | 1 |  1.2
Maces & Flails | 1 |  1.1
Unarmed Combat | 1 |  1.0
Spellcasting   | 3 4 5 |  5.8
Summonings     | 1 2 |  2.5
Polearms       | 1 2 |  2.4

Action                     |  1- 3 |  4- 6 |  7- 9 || total
---------------------------+-------+-------+-------++-------
  Melee: Mace              |     9 |       |       ||     9
         Hand axe          |    47 |     7 |       ||    54
         Trident           |       |    76 |   106 ||   182
         Punch             |       |     2 |     2 ||     4
   Cast: Freeze            |    51 |    28 |    36 ||   115
         Frozen Ramparts   |       |     9 |    16 ||    25
         Ozocubu's Armour  |       |     8 |    14 ||    22
         Summon Ice Beast  |       |     1 |     1 ||     2
    Use: Potion            |       |     1 |       ||     1
         Scroll            |       |       |     5 ||     5
 Armour: Robe              |    12 |    42 |    56 ||   110
  Dodge: Dodged            |    60 |    79 |    99 ||   238

Table legend: (Time is in decaauts)
 A = Elapsed time spent in this place.
 B = Non-inter-level travel time spent in this place.
 C = Inter-level travel time spent in this place.
 D = Time resting spent in this place.
 E = Time spent auto-exploring this place.
 F = Levels seen in this place.
 G = Mean time per level.
                   A        B        C        D        E       F      G
               +--------+--------+--------+--------+--------+-----+--------+
         Total |   6196 |   6011 |    185 |      0 |   4793 |   7 |  885.1 |
       Dungeon |   6044 |   5899 |    145 |      0 |   4697 |   6 | 1007.3 |
        Temple |    152 |    112 |     40 |      0 |     96 |   1 |  152.0 |
               +--------+--------+--------+--------+--------+-----+--------+

Top non-repeatable levels by time:
     D:6: 1479 daAuts
     D:1: 1078 daAuts
     D:2: 1022 daAuts
     D:5: 852 daAuts
     D:4: 840 daAuts
     D:3: 769 daAuts
  Temple: 152 daAuts
